 Dungeon Sprint DCSS version 0.29-a0-369-gd956c00756 (webtiles) character file.

Game seed: 5936196443182764789

259 mhtbhm the Unseen (level 5, -2/28 HPs)
             Began as a Spriggan Brigand on May 1, 2022.
             Was a Follower of Dithmenos.
             Slain by a spriggan
             ... wielding a +0 rapier
              (13 damage)
             ... in the Dungeon (Sprint IV: "Fedhas' Mad Dash").
             The game lasted 00:00:56 (226 turns).

mhtbhm the Unseen (Spriggan Brigand)                 Turns: 226, Time: 00:00:57

Health: -2/28      AC:  3    Str:  7    XL:     5   Next: 94%
Magic:  5/6        EV: 17    Int: 12    God:    Dithmenos [*.....]
Gold:   55         SH:  0    Dex: 19    Spells: 4/4 levels left

rFire   . . .      SeeInvis +   a - +2 dagger
rCold   . . .      Faith    .   (no shield)
rNeg    . . .      Spirit   .   b - +0 robe
rPois   .          Reflect  .   (helmet restricted)
rElec   .          Harm     .   c - +0 cloak
rCorr   .          Rampage  .   (gloves unavailable)
Will    .....      NoTele   +   (boots unavailable)
Stlth   +++++++...              l - amulet of invisibility {+Inv}
HPRegen 0.09/turn               (no ring)
MPRegen 0.10/turn               (no ring)

@: very slightly contaminated, wreathed by umbra, invisible, very quick
A: very small, no large weapons, unfitting armour, see invisible, speed 3
a: Renounce Religion, Evoke Invisibility


You were in the Dungeon.
You worshipped Dithmenos.
Dithmenos was aware of your devotion.
You visited 1 branch You collected 55 gold pieces.

Inventory:

Hand Weapons
 a - a +2 dagger (weapon)
Missiles
 d - 7 poisoned darts (quivered)
Armour
 b - a +0 robe (worn)
 c - a +0 cloak (worn)
Jewellery
 l - the amulet of invisibility (around neck) {+Inv}
   (You found it in the Dungeon)

   [amulet of nothing]

   +Inv:      It lets you turn invisible.
Scrolls
 k - a scroll of blinking
 m - a scroll of fear {unknown}
Potions
 f - a potion of curing
 g - 2 potions of heal wounds
 h - a potion of haste
 i - 2 potions of magic
 j - a potion of berserk rage
 n - a potion of attraction {unknown}


   Skills:
 + Level 3.2 Fighting
 + Level 5.1 Short Blades
 + Level 4.5 Throwing
 + Level 1.9 Dodging
 + Level 16.1 Stealth
 + Level 2.1 Evocations


You had 4 spell levels left.
You didn't know any spells.
Your spell library was empty.

Dungeon Overview and Level Annotations

Branches:
Dungeon (1/1)

Altars:
Cheibriados
Dithmenos
Elyvilon
Gozag
Hepliaklqana
Kikubaaqudgha
Makhleb
Nemelex Xobeh
Okawaru
Qazlal
Ru
Sif Muna
Trog
Uskayaw
Vehumet
Wu Jian
Xom
Yredelemnul
Zin
The Shining One
Beogh
Jiyva
Lugonu


Innate Abilities, Weirdness & Mutations

You are very small and have problems with some larger weapons.
You are too small for most types of armour.
You have supernaturally acute eyesight. (SInv)
You cover ground extremely quickly. (Speed+++)


Message History

Your Evocations skill increases to level 2!
Throw: 3 darts (curare)
Press: ? - help, Q - select action, (/) - cycle Shift-Dir - straight line, f - spriggan
Aim: a spriggan, wielding a +0 rapier and wearing a +0 robe (umbra, 38% to hit)
You throw a curare-tipped dart.
The curare-tipped dart closely misses the spriggan.
The spriggan completely misses you.
Throw: 2 darts (curare)
Press: ? - help, Q - select action, (/) - cycle Shift-Dir - straight line, f/p - spriggan
Aim: a spriggan, wielding a +0 rapier and wearing a +0 robe (umbra, 38% to hit)
You throw a curare-tipped dart.
The curare-tipped dart closely misses the spriggan.
The spriggan closely misses you.
Throw: dart (curare)
Press: ? - help, Q - select action, (/) - cycle Shift-Dir - straight line, f/p - spriggan
Aim: a spriggan, wielding a +0 rapier and wearing a +0 robe (umbra, 38% to hit)
You throw a curare-tipped dart.
The curare-tipped dart misses the spriggan.
Unknown command.
Unknown command.
The spriggan attacks as you move away! The spriggan closely misses you.
There is an open door here.
Throw: 9 darts (poison)
Press: ? - help, Q - select action, (/) - cycle Shift-Dir - straight line, f/p - spriggan
Aim: a spriggan, wielding a +0 rapier and wearing a +0 robe (umbra, 38% to hit)
You throw a poisoned dart.
The poisoned dart closely misses the spriggan.
The spriggan barely misses you.
Throw: 8 darts (poison)
Press: ? - help, Q - select action, (/) - cycle Shift-Dir - straight line, f/p - spriggan
Aim: a spriggan, wielding a +0 rapier and wearing a +0 robe (umbra, 38% to hit)
You throw a poisoned dart.
The poisoned dart closely misses the spriggan.
The spriggan hits you with a +0 rapier!
Ouch! That really hurt!
You see here 10 gold pieces.
The spriggan barely misses you.
You see here a scorpion corpse.
The spriggan attacks as you move away! The spriggan hits you with a +0 rapier!
You die...

###################
._._._._.⌠.#..'i)(#
_._._._._..'..#$@$#
._._._._...#..###+#
_._._._._..#..#
._._._._.⌠.####
############


You could see a spriggan.

Vanquished Creatures
  2 scorpions (D)
  3 oklob saplings (D)
  A spriggan (D)
  A river rat (D)
  A rat (D)
8 creatures vanquished.

Vanquished Creatures (others)
  A fungus (D)
1 creature vanquished.

Grand Total: 9 creatures vanquished

Notes
Turn   | Place    | Note
-------+----------+-------------------------------------------
     0 | D        | mhtbhm the Spriggan Brigand began the quest for the Orb.
     0 | D        | Reached XP level 1. HP: 10/10 MP: 2/2
    11 | D        | Reached skill level 8 in Stealth
    11 | D        | Reached XP level 2. HP: 15/15 MP: 3/3
   128 | D        | Noticed an oklob sapling
   129 | D        | Killed an oklob sapling
   130 | D        | Reached skill level 10 in Stealth
   130 | D        | Reached XP level 3. HP: 18/18 MP: 4/4
   132 | D        | Noticed a scorpion
   132 | D        | Found the amulet of invisibility {+Inv}
   134 | D        | Killed a scorpion
   135 | D        | Reached skill level 12 in Stealth
   135 | D        | Reached XP level 4. HP: 23/23 MP: 5/5
   164 | D        | Found an opulent altar of Gozag.
   164 | D        | Found a hazy altar of Hepliaklqana.
   164 | D        | Found a burning altar of Makhleb.
   164 | D        | Found a sparkling altar of Nemelex Xobeh.
   164 | D        | Found a snail-covered altar of Cheibriados.
   164 | D        | Found a sacrificial altar of Ru.
   164 | D        | Found a shimmering blue altar of Sif Muna.
   164 | D        | Found a shimmering altar of Xom.
   164 | D        | Found a basalt altar of Yredelemnul.
   165 | D        | Found a viscous altar of Jiyva.
   165 | D        | Found a bloodstained altar of Trog.
   165 | D        | Found an ornate altar of the Wu Jian Council.
   166 | D        | Found an iron altar of Okawaru.
   166 | D        | Found a shadowy altar of Dithmenos.
   166 | D        | Found a glowing silver altar of Zin.
   167 | D        | Found an ancient bone altar of Kikubaaqudgha.
   167 | D        | Found a hide-covered altar of Uskayaw.
   168 | D        | Found a stormy altar of Qazlal.
   168 | D        | Found a white marble altar of Elyvilon.
   168 | D        | Found a glowing golden altar of the Shining One.
   169 | D        | Found a corrupted altar of Lugonu.
   169 | D        | Found a radiant altar of Vehumet.
   173 | D        | Reached skill level 13 in Stealth
   173 | D        | Reached XP level 5. HP: 28/28 MP: 3/6
   175 | D        | Became a worshipper of Dithmenos the Shadowed
   185 | D        | Reached skill level 14 in Stealth
   185 | D        | Reached skill level 1 in Evocations
   217 | D        | Reached skill level 15 in Stealth
   217 | D        | Reached * piety under Dithmenos
   218 | D        | Reached skill level 5 in Short Blades
   218 | D        | Reached skill level 16 in Stealth
   226 | D        | Slain by a spriggan

Illustrated notes

Levels and vault maps discovered:
D:        dungeon_sprint_fedhas [sprint_temple]

Skill      XL: |  1  2  3  4  5 |
---------------+----------------+-----
Stealth        | 8 10 12 13 16 | 16.1
Fighting       | 2 3 |  3.2
Short Blades   | 3 4 5 |  5.1
Throwing       | 3 4 |  4.5
Evocations     | 2 |  2.1
Dodging        | |  1.9

Action                   |  1- 3 |  4- 6 || total
-------------------------+-------+-------++-------
Melee: Dagger            |     5 |     4 ||     9
Throw: Dart              |     4 |     5 ||     9
 Abil: Evoke Invisibilit |       |     2 ||     2
 Stab: Sleeping          |     2 |     4 ||     6
Dodge: Dodged            |     1 |     6 ||     7

Table legend: (Time is in decaauts)
 A = Elapsed time spent in this place.
 B = Non-inter-level travel time spent in this place.
 C = Inter-level travel time spent in this place.
 D = Time resting spent in this place.
 E = Time spent auto-exploring this place.
 F = Levels seen in this place.
 G = Mean time per level.
                   A        B        C        D        E       F      G
               +--------+--------+--------+--------+--------+-----+--------+
         Total |    199 |    199 |      0 |    115 |      0 |   1 |  199.0 |
       Dungeon |    199 |    199 |      0 |    115 |      0 |   1 |  199.0 |
               +--------+--------+--------+--------+--------+-----+--------+

Top non-repeatable levels by time:
       D: 199 daAuts
